 Dungeon Crawl Stone Soup version 0.27-a0-1189-gb8eb6cee8e (webtiles) character file.

Game seed: 17966887782675629517

18 Zonian the Skirmisher (level 2, 0/25 HPs)
             Began as a Formicid Abyssal Knight on May 22, 2021.
             Was a Follower of Lugonu.
             Slain by a kobold
             ... wielding a +0 dagger
              (3 damage)
             ... on level 1 of the Dungeon.
             The game lasted 00:01:50 (624 turns).

Zonian the Skirmisher (Formicid Abyssal Knight)      Turns: 624, Time: 00:01:51

Health: 0/25       AC:  3    Str: 16    XL:     2   Next: 90%
Magic:  3/3        EV: 11    Int: 11    God:    Lugonu [*.....]
Gold:   48         SH:  0    Dex: 10    Spells: 1/1 levels left

rFire    + . .     SeeInvis +   a - +1 spear
rCold    + . .     Faith    .   (no shield)
rNeg     . . .     Spirit   .   b - +0 leather armour
rPois    +         Reflect  .   (helmet unavailable)
rElec    +         Harm     .   (no cloak)
rCorr    +         Rampage  .   (no gloves)
Will     .....                  (no boots)
Stlth    +.........             (no amulet)
HPRegen  0.08/turn              (no ring)
MPRegen  0.08/turn              (no ring)

@: resistant
A: permanent stasis, dig shafts and tunnels, antennae 3, four strong arms
a: Dig, Shaft Self, Renounce Religion, Depart the Abyss


You were on level 1 of the Dungeon.
You worshipped Lugonu.
Lugonu was aware of your devotion.
You visited 1 branch of the dungeon, and saw 1 of its levels.
You visited the Abyss 1 time.

You collected 48 gold pieces.

Inventory:

Hand Weapons
 a - a +1 spear (weapon)
Armour
 b - a +0 leather armour (worn)
Scrolls
 d - a scroll of torment {unknown}


   Skills:
 + Level 3.7 Fighting
 + Level 2.1 Polearms
 + Level 2.4 Armour
 + Level 1.2 Dodging
 + Level 2.5 Invocations


You had one spell level left.
You didn't know any spells.
Your spell library was empty.

Dungeon Overview and Level Annotations

Branches:
Dungeon (1/15)

Altars:


Innate Abilities, Weirdness & Mutations

You cannot be hasted, slowed, berserked, paralysed or teleported.
You can dig through walls and to a lower floor.
You have a pair of large antennae on your head. (SInv)
Your four strong arms can wield two-handed weapons with a shield.


Message History

The jackal is severely wounded.
The jackal barely misses you.
You hit the jackal.
You kill the jackal!
Lugonu accepts your kill.
You barely miss the giant cockroach. The giant cockroach closely misses you.
You barely miss the giant cockroach. The giant cockroach bites you.
* * * LOW HITPOINT WARNING * * *
It was a potion of resistance.
You feel protected. The giant cockroach barely misses you.
You closely miss the giant cockroach. The giant cockroach closely misses you.
The giant cockroach bites you.
* * * LOW HITPOINT WARNING * * *
You hit the giant cockroach but do no damage.
The giant cockroach bites you but does no damage.
You hit the giant cockroach.
You kill the giant cockroach!
Lugonu accepts your kill.
An endoplasm and a kobold come into view.
The kobold shouts!
The endoplasm quivers.
The endoplasm moves out of view.
Found a murky coppery potion.
The frilled lizard hisses.
The kobold closely misses you.
The endoplasm jiggles.
The endoplasm jiggles.
The goblin hits you with a +0 club.
* * * LOW HITPOINT WARNING * * *
A frilled lizard comes into view.
The endoplasm jiggles.
The frilled lizard bites you but does no damage.
Found a stone staircase leading down.
You see here a scroll labelled REQOAH HEBATIA.
A giant cockroach comes into view.
The kobold hits you but does no damage.
Found a faded altar of an unknown god.
The kobold hits you with a +0 dagger.
You die...

#....{J#..###....#..# #
####......##....J#.#....
##...............# ...
###......#.....l..##....
.†.............l........
###...#....#...gB.##....
###.............l..#....
...)............K.......
.####.#...#.....@.......
## ##...#...............
#...##.#............#
#..###.........#....#
#..###...###..#_#...#
####..#......###..#.....
#.....#......# ... . ...
#....#.........##. . ..
#>.###.################
####


You could see an endoplasm, a giant cockroach, a goblin, a kobold and 3 frilled
lizards.

Vanquished Creatures
  3 ball pythons (D:1)
  An endoplasm (D:1)
  A giant cockroach (D:1)
  A hobgoblin (D:1)
  4 jackals (D:1)
  A quokka (D:1)
  2 bats (D:1)
  A frilled lizard (D:1)
  2 rats (D:1)
16 creatures vanquished.

Notes
Turn   | Place    | Note
-------+----------+-------------------------------------------
     0 | Abyss:1  | Zonian the Formicid Abyssal Knight began the quest for the
                  | Orb.
     0 | Abyss:1  | Reached XP level 1. HP: 18/18 MP: 2/2
    22 | D:1      | Escaped the Abyss
    71 | D:1      | Reached skill level 1 in Dodging
   173 | D:1      | Reached XP level 2. HP: 16/24 MP: 3/3
   603 | D:1      | HP: 1/25 [goblin/+0 club (4)]
   621 | D:1      | Found a faded altar of an unknown god.
   624 | D:1      | Slain by a kobold

Illustrated notes

Levels and vault maps discovered:
D:1:      amcnicky_arrival_abandoned_market, layout_rooms,
          chequers_ecumenical_altar_simple

Skill      XL: |  1 |
---------------+----+-----
Dodging        | 1 |  1.2
Fighting       | |  3.7
Polearms       | |  2.1
Armour         | |  2.4
Invocations    | |  2.5

Action                   || total
-------------------------++-------
Melee: Spear             ||    75
  Use: Potion            ||     1
Armor: Leather armour    ||    27
Dodge: Dodged            ||    59

Table legend: (Time is in decaauts)
 A = Elapsed time spent in this place.
 B = Non-inter-level travel time spent in this place.
 C = Inter-level travel time spent in this place.
 D = Time resting spent in this place.
 E = Time spent auto-exploring this place.
 F = Levels seen in this place.
 G = Mean time per level.
                   A        B        C        D        E       F      G
               +--------+--------+--------+--------+--------+-----+--------+
         Total |    623 |    623 |      0 |    326 |    124 |   2 |  311.5 |
       Dungeon |    601 |    601 |      0 |    326 |    115 |   1 |  601.0 |
         Abyss |     22 |     22 |      0 |      0 |      9 |   1 |   22.0 |
               +--------+--------+--------+--------+--------+-----+--------+

Top non-repeatable levels by time:
     D:1: 601 daAuts
 Abyss:1: 22 daAuts
